 Dungeon Crawl Stone Soup version 0.30-a0-702-gdf48620a09 (webtiles) character file.

Game seed: 9389237463447232199

1028 CrazyBamboolord the Insei (level 8, -2/51 HPs)
             Began as an Octopode Transmuter on Jan 21, 2023.
             Was an Initiate of Nemelex Xobeh.
             Slain by Grinder (9 damage)
             ... while paralysed by Grinder
             ... on level 5 of the Dungeon.
             The game lasted 00:13:53 (5380 turns).

CrazyBamboolord the Insei (Octopode Transmuter)     Turns: 5380, Time: 00:13:53

Health: -2/51      AC:  1    Str: 10    XL:     8   Next: 23%
Magic:  11/13      EV:  2    Int: 17    God:    Nemelex Xobeh [......]
Gold:   124        SH:  0    Dex: 12    Spells: 8/14 levels left

rFire   . . .      SeeInvis .      - Unarmed
rCold   . . .      Faith    .    (no shield)
rNeg    . . .      Spirit   .    (helmet currently unavailable)
rPois   .          Reflect  .    s - amulet of the acrobat
rElec   .          Harm     .    (no ring)
rCorr   .          Rampage  .    (no ring)
Will    .....                    (no ring)
Stlth   +++                      (no ring)
HPRegen 0.28/turn                (no ring)
MPRegen 0.13/turn                (no ring)
                                 (no ring)
                                 (no ring)

@: paralysed, appendages, wereblooded
A: tentacle spike 3, almost no armour, amphibious, 8 rings, camouflage 1,
gelatinous body 1, (nimble swimmer 1), tentacles
a: End Transformation, Renounce Religion, Draw Escape, Draw Destruction, Draw
Summoning


You were on level 5 of the Dungeon.
You worshipped Nemelex Xobeh.
Nemelex Xobeh was noncommittal.
One of your tentacles had grown a beastly spike.
You visited 2 branches of the dungeon, and saw 6 of its levels.
You also visited: Ossuary.

You collected 124 gold pieces.

Inventory:

Jewellery
 c - an amulet of faith
 s - an amulet of the acrobat (around mantle)
Wands
 u - a wand of flame (26)
Scrolls
 b - a scroll of vulnerability
 f - 2 scrolls of amnesia
 g - a scroll of poison
 h - a scroll of fear
 i - a scroll of blinking {unknown}
 k - 7 scrolls of teleportation
 n - 2 scrolls of immolation
 o - 2 scrolls of identify
 t - a scroll of fog {unknown}
Potions
 a - 2 potions of lignification
 d - a potion of berserk rage
 e - 2 potions of degeneration
 j - 2 potions of mutation
 l - 2 potions of brilliance {unknown}
 m - a potion of magic {unknown}
 p - 2 potions of haste {unknown}
 q - a potion of heal wounds
 r - a potion of cancellation {unknown}
 v - 2 potions of curing
 w - a potion of resistance {unknown}
 x - a potion of ambrosia {unknown}


   Skills:
 * Level 2.6 Fighting
 * Level 3.8 Dodging
 + Level 2.1 Stealth
 * Level 5.6 Unarmed Combat
 * Level 3.8 Spellcasting
 * Level 4.0 Transmutations
 * Level 3.2 Poison Magic
 * Level 2.3 Invocations


You had 8 spell levels left.
You knew the following spells:

 Your Spells              Type           Power      Damage    Failure   Level
a - Beastly Appendage     Tmut           34%        N/A       3%          1
b - Wereblood             Tmut           17%        N/A       4%          2
c - Spider Form           Tmut/Pois      15%        N/A       11%         3

Your spell library contained the following spells:

 Spells                   Type           Power      Damage    Failure   Level
 Ensorcelled Hibernation  Hex/Ice        6%         N/A       24%         2
 Ice Form                 Ice/Tmut       10%        N/A       56%         4
 Anguish                  Hex/Necr       1%         N/A       85%         4


Dungeon Overview and Level Annotations

Branches:
Dungeon (5/15)             Temple (1/1) D:4         Ossuary (visited)

Altars:
Ashenzari
Cheibriados
Dithmenos
Elyvilon
Fedhas
Gozag
Makhleb
Nemelex Xobeh
Okawaru
Qazlal
Ru
Sif Muna
Trog
Uskayaw
Vehumet
Xom
Yredelemnul
Zin
The Shining One

Shops:
D:5 !

Annotations:
D:5 Grinder, Pikel


Innate Abilities, Weirdness & Mutations

One of your tentacles has grown a beastly spike.
You cannot wear most types of armour.
You are amphibious.
You can wear up to eight rings at the same time.
Your skin changes colour to match your surroundings (Stealth+).
Your rubbery body absorbs attacks. (AC +1, EV +1)
((You are camouflaged when in or above water. (Stealth+)))
You have tentacles for arms and can constrict up to eight enemies at once.


Message History

An orc wizard is nearby!
An orc wizard is nearby!
Your tentacle spike disappears.
Found a fuming white potion.
You see here 4 stones.
You start resting.
HP restored.
No target in view!
x - a fuming white potion
Found a leather armour.
Grinder comes into view.
Grinder shouts!
Grinder is nearby!
Grinder is nearby!
Casting: Beastly Appendage (safe; 3% risk of failure)
Press: ? - help, Q - select action, (/) - cycle Dir - look around, f - activate One of your tentacles grows a vicious spike.
Casting: Beastly Appendage (safe; 3% risk of failure)
Confirm with . or Enter, or press ? or * to list all spells.
Your blood is infused with primal strength.
Grinder blinks!
No target in view!
Grinder completely misses you.
You barely miss Grinder. You grab Grinder.
You constrict Grinder, but do no damage.
Grinder hits you!
You writhe in agony.
You tentacle-slap Grinder.
Grinder is lightly wounded.
You constrict Grinder, but do no damage.
Grinder gestures at you.
You suddenly lose the ability to move!
You lose your grip on Grinder.
Grinder hits you.
You writhe in agony.
Grinder hits you.
You writhe in agony.
Grinder hits you!
* * * LOW HITPOINT WARNING * * *
You writhe in agony.
* * * LOW HITPOINT WARNING * * *
Grinder hits you!
You die...
Your body disappears without a glow.

.... . .... ..
##..# .... #....
..... .#....#
......
#......#####......
#.....#@5.# #..
#.....## ##..
#.....# #...#
##..#....[
#...###..###.....
#......#..##.....
###.....##.........
#...#....#.........
###
#..........#..... .


You could see Grinder.

Vanquished Creatures
  2 ogres (D:5)
  A necrophage (D:4)
  A water moccasin zombie (Ossuary)
  A wight (Ossuary)
  4 hounds
  6 centaur zombies (Ossuary)
  A gnoll bouda (D:5)
  An orc wizard (D:3)
  A scorpion zombie (Ossuary)
  An ogre zombie (Ossuary)
  Robin (D:2)
  6 adders
  A white imp (D:5)
  3 adder zombies (Ossuary)
  7 worms
  3 dart slugs
  12 orcs
  8 bats
  13 endoplasms
  3 giant cockroaches
  8 gnoll zombies (Ossuary)
  19 goblins
  7 hobgoblins
  13 jackals
  7 kobolds
  5 quokkas
  9 ball pythons
  4 frilled lizards
  A goblin zombie (Ossuary)
  4 hobgoblin zombies (Ossuary)
  3 orc zombies (Ossuary)
  5 rats
161 creatures vanquished.

Notes
Turn   | Place    | Note
-------+----------+-------------------------------------------
     0 | D:1      | CrazyBamboolord the Octopode Transmuter began the quest for
                  | the Orb.
     0 | D:1      | Reached XP level 1. HP: 13/13 MP: 3/3
    35 | D:1      | Reached XP level 2. HP: 14/18 MP: 3/5
   517 | D:1      | Reached XP level 3. HP: 21/23 MP: 4/6
   520 | D:1      | Learned a level 2 spell: Wereblood
   524 | D:1      | Learned a level 3 spell: Spider Form
  1385 | D:2      | Reached skill level 1 in Poison Magic
  1485 | D:2      | Identified the +1 robe of Efugowol {rC+}
  1571 | D:2      | Reached XP level 4. HP: 28/28 MP: 5/7
  1688 | D:2      | Noticed Robin
  1703 | D:2      | Killed Robin
  2117 | D:3      | Found a glowing golden altar of the Shining One.
  2207 | D:3      | Reached XP level 5. HP: 29/33 MP: 6/8
  2306 | D:3      | Reached skill level 1 in Stealth
  2429 | D:3      | HP: 1/33 [something/puff of flame (11)]
  2655 | D:3      | Reached skill level 4 in Unarmed Combat
  3175 | D:4      | Found a staircase to the Ecumenical Temple.
  3185 | Temple   | Entered the Ecumenical Temple
  3382 | Temple   | Became a worshipper of Nemelex Xobeh the Trickster
  3421 | D:4      | Found a hide-covered altar of Uskayaw.
  3456 | D:4      | Reached XP level 6. HP: 38/39 MP: 7/10
  3937 | D:4      | Reached skill level 1 in Invocations
  4157 | D:5      | Entered Level 5 of the Dungeon
  4210 | D:5      | Reached XP level 7. HP: 43/45 MP: 7/12
  4321 | D:5      | Noticed Pikel
  4337 | D:5      | Found a sand-covered staircase.
  4352 | Ossuary  | Entered an ossuary
  4533 | Ossuary  | HP: 1/45 [scorpion zombie (4)]
  4684 | Ossuary  | Reached skill level 5 in Unarmed Combat
  4948 | Ossuary  | Reached XP level 8. HP: 18/51 MP: 13/13
  5121 | Ossuary  | Noticed a silent spectre
  5230 | D:5      | Found Oriott's Distillery.
  5369 | D:5      | Noticed Grinder
  5376 | D:5      | Paralysed by Grinder for 5 turns
  5380 | D:5      | Slain by Grinder

Illustrated notes

Levels and vault maps discovered:
D:1:      shiori_angband_town, layout_basic, serial_forest,
          infiniplex_forest_clump_small, infiniplex_forest_lined_room_2,
          infiniplex_forest_straight_3, infiniplex_forest_corner_1,
          infiniplex_forest_end_3, infiniplex_forest_lined_1,
          infiniplex_forest_lined_ring, roderic_lattice_a
D:2:      minmay_skewed_foursquare, layout_basic, minmay_tetromino_o4,
          uniq_robin
D:3:      layout_basic, tso_metal_star, minmay_increasing_density
D:4:      layout_basic, nicolae_uskayaw_suspiria, minmay_temple_entry_mist
D:5:      layout_cave_pools, enter_ossuary_1, serial_shops, nicolae_shop_stone,
          st_stairs_5, uniq_pikel, uniq_grinder
Temple:   bh_familiar_temple

Skill      XL: |  1  2  3  4  5  6  7  8 |
---------------+-------------------------+-----
Poison Magic   | 1 2 3 |  3.2
Stealth        | 1 2 |  2.1
Transmutations | 3 4 |  4.0
Unarmed Combat | 4 5 |  5.6
Spellcasting   | 3 |  3.8
Invocations    | 1 2 |  2.3
Fighting       | 2 |  2.6
Dodging        | 3 |  3.8

Action                   |  1- 3 |  4- 6 |  7- 9 || total
-------------------------+-------+-------+-------++-------
Melee: Unarmed           |    96 |   158 |   136 ||   390
       Kick              |    27 |    41 |    39 ||   107
       Constrict         |    26 |    39 |    26 ||    91
       Tentacles         |    16 |    30 |    26 ||    72
       Punch             |     3 |     6 |     9 ||    18
 Cast: Beastly Appendage |    23 |    39 |    10 ||    72
       Wereblood         |     1 |     9 |     7 ||    17
       Spider Form       |       |     1 |     4 ||     5
  Use: Scroll            |     4 |     8 |     1 ||    13
       Potion            |       |     2 |     2 ||     4
 Stab: Sleeping          |     5 |     7 |     4 ||    16
Armor: Skin              |     5 |    11 |    18 ||    34
Dodge: Dodged            |    50 |    63 |   157 ||   270

Table legend: (Time is in decaauts)
 A = Elapsed time spent in this place.
 B = Non-inter-level travel time spent in this place.
 C = Inter-level travel time spent in this place.
 D = Time resting spent in this place.
 E = Time spent auto-exploring this place.
 F = Levels seen in this place.
 G = Mean time per level.
                   A        B        C        D        E       F      G
               +--------+--------+--------+--------+--------+-----+--------+
         Total |   5348 |   5177 |    171 |    578 |   3411 |   7 |  764.0 |
       Dungeon |   4269 |   4147 |    122 |     56 |   3248 |   5 |  853.8 |
        Temple |    221 |    172 |     49 |      0 |    163 |   1 |  221.0 |
       Ossuary |    857 |    857 |      0 |    522 |      0 |   1 |  857.0 |
               +--------+--------+--------+--------+--------+-----+--------+

Top non-repeatable levels by time:
     D:1: 1222 daAuts
     D:3: 943 daAuts
     D:4: 895 daAuts
 Ossuary: 857 daAuts
     D:2: 855 daAuts
     D:5: 351 daAuts
  Temple: 221 daAuts
